Map: Arctic Dream LE

Players

Massa

  • Race: Terran Terran
  • League: Gold
  • Spawn Location: 11:00

qqq

  • Race: Zerg Zerg
  • League: Platinum
  • Spawn Location: 12:00

SteinDM - Winner!

  • Race: Terran Terran
  • Spawn Location: 6:00

MicroJackson - Winner!

  • Race: Terran Terran
  • League: Platinum
  • Spawn Location: 5:00

VOD

Have the link to the VOD?

Description

Time

  • Played on: May 28, 2020, 10:10 a.m.
  • Length: 14:04
Show
View Real Time Build Order
Export as new Build Order

Massa Terran 

Build Orders:  

Get SALT Encoding   

  12  0:11  Supply Depot  
  12  0:13  SCV  
  13  0:25  SCV  
  14  0:34  Barracks  
  14  0:42  Supply Depot  
  14  0:51  Refinery, SCV  
  15  1:03  SCV  
  16  1:14  Refinery  
  16  1:15  SCV  
  17  1:27  SCV  
  18  1:37  Reaper  
  20  1:40  SCV  
  20  1:47  Barracks  
  20  1:52  SCV  
  21  2:04  SCV  
  21  2:08  Supply Depot  
  22  2:09  Reaper  
  23  2:16  SCV  
  24  2:23  Factory  
  24  2:28  SCV  
  25  2:40  Reaper  
  25  2:41  Reaper  
  28  2:48  Orbital Command  
  27  3:00  Supply Depot  
  27  3:07  Factory Tech Lab  
  27  3:12  Reaper  
  28  3:13  Reaper  
  29  3:39  Siege Tank  
  29  3:41  Command Center  
  32  3:44  Reaper  
  32  3:46  Reaper  
  32  4:03  SCV  
  33  4:15  SCV  
  32  4:24  Barracks Tech Lab  
  32  4:25  Marine  
  32  4:27  SCV  
  34  4:33  Starport  
  34  4:39  SCV  
  34  4:43  Marine  
  36  4:50  Engineering Bay  
  36  4:51  SCV  
  37  4:54  SCV  
  38  5:01  Marine  
  38  5:03  SCV, Combat Shield  
  38  5:05  Marauder  
  38  5:06  SCV  
  43  5:10  Starport  
  43  5:16  SCV  
  43  5:18  Marine  
  42  5:36  Marine  
  42  5:37  SCV  
  44  5:43  Missile Turret  
  44  5:46  Terran Infantry Weapons Level 1  
  44  5:47  Missile Turret  
  44  5:49  SCV  
  46  5:51  Orbital Command  
  45  5:59  Liberator, Medivac  
  45  6:01  SCV  
  51  6:05  Missile Turret  
  51  6:08  Refinery  
  51  6:13  SCV  
  52  6:25  SCV  
  53  6:37  SCV  
  53  6:38  Marauder, Marine  
  57  6:56  Marine, Command Center  
  57  7:00  Marauder  
  60  7:01  Starport Reactor  
  60  7:02  Starport Tech Lab  
  60  7:03  Bunker  
  59  7:14  Marine  
  57  7:21  Marauder  
  44  7:32  Marine  
  43  7:40  Terran Infantry Armor Level 1  
  43  7:42  SCV, Marine  
  43  7:43  SCV  
  46  7:50  Marine  
  47  7:55  SCV x2  
  49  8:00  Marauder  
  49  8:03  Missile Turret  
  51  8:07  SCV x2, Marine  
  54  8:12  Armory  
  54  8:15  Cloaking Field  
  54  8:17  Banshee  
  54  8:19  SCV  
  58  8:22  Marauder  
  58  8:23  Missile Turret  
  58  8:25  Orbital Command  
  60  8:32  Refinery  
  60  8:53  Siege Tank  
  63  9:00  Banshee  
  66  9:24  Medivac  
  68  9:25  Siege Tank  
  68  9:27  Marauder, Marine  
  68  9:31  Barracks  
  74  9:35  Barracks  
  74  9:37  Barracks  
  74  9:43  Banshee  
  74  9:45  Marine  
  74  9:49  Marauder  
  77  10:07  Supply Depot  
  77  10:09  Missile Turret  
  77  10:17  Missile Turret  
  77  10:23  Sensor Tower  
  77  10:29  Banshee, Marine x2, SCV  
  77  10:30  Terran Infantry Weapons Level 2, Supply Depot  
  77  10:31  Missile Turret  
  83  10:36  Sensor Tower  
  83  10:37  Missile Turret  
  83  10:41  SCV  
  84  10:46  Marine  
  85  10:52  Marine  
  85  10:53  SCV, Missile Turret, Supply Depot  
  87  10:58  Supply Depot  
  87  11:04  Marine  
  87  11:05  SCV  
  87  11:09  Marine  
  90  11:11  Banshee  
  90  11:17  SCV, Supply Depot  
  94  11:21  Supply Depot  
  94  11:32  Barracks Reactor x3  
  94  11:33  Marauder, Marine  
  94  11:39  Supply Depot  
  92  11:49  Thor  
  92  11:51  Marine  
  93  11:54  Marauder  
  93  11:58  Factory  
  95  12:02  Liberator, Supply Depot  
  92  12:08  Marine  
  92  12:09  SCV  
  94  12:16  Marauder  
  94  12:21  SCV  
  97  12:26  Marine  
  98  12:30  Marine  
  98  12:31  Marine x5  
  98  12:32  Thor  
  98  12:33  SCV  
  98  12:37  Marine  
  112  12:44  Marine  
  112  12:48  Marine  
  112  12:49  Marine x5  
  113  12:55  Marauder  
  109  13:02  Marine  
  110  13:06  Marine x5  
  107  13:16  Marauder  
  69  13:22  Marine  
  48  13:38  Marauder  
  56  13:54  Barracks  
Show
View Real Time Build Order
Export as new Build Order

qqq Zerg 

Build Orders: Hatch First 

Get SALT Encoding   

  12  0:02  Drone  
  13  0:08  Drone  
  14  0:37  Hatchery  
  13  0:52  Spawning Pool  
  12  1:06  Drone, Overlord  
  12  1:07  Drone  
  12  1:09  Extractor  
  13  1:20  Drone  
  14  1:28  Drone  
  15  1:40  Queen  
  17  1:49  Queen  
  17  1:51  Drone  
  17  1:53  Zergling x2  
  21  1:57  Drone  
  22  2:04  Zergling x2  
  22  2:06  Drone  
  24  2:11  Drone  
  25  2:22  Drone  
  26  2:23  Metabolic Boost  
  26  2:28  Drone x2  
  28  2:41  Overlord  
  28  2:42  Overlord  
  28  3:00  Drone x4  
  28  3:01  Drone, Zergling x2  
  28  3:02  Zergling x2  
  28  3:03  Drone  
  36  3:05  Zergling x2  
  36  3:11  Zergling x2  
  36  3:12  Zergling x2  
  39  3:23  Zergling x2  
  40  3:28  Roach Warren  
  40  3:29  Drone x3  
  40  3:30  Drone  
  40  3:33  Overlord  
  43  3:42  Zergling x2  
  43  3:44  Overlord  
  44  4:02  Zergling x4  
  46  4:03  Zergling x6  
  48  4:21  Roach x3  
  49  4:25  Drone x2  
  49  4:26  Drone  
  51  4:34  Roach  
  51  4:36  Lair  
  51  4:42  Roach  
  51  4:43  Hatchery  
  52  4:55  Spine Crawler  
  52  4:57  Spine Crawler  
  52  4:58  Drone x3  
  53  5:03  Hatchery, Roach x2  
  56  5:10  Drone x3  
  56  5:12  Extractor  
  58  5:36  Spore Crawler x2  
  58  5:39  Spore Crawler  
  58  5:40  Spore Crawler  
  58  5:41  Drone  
  58  5:42  Drone  
  56  5:44  Spore Crawler  
  56  5:45  Drone x3  
  56  5:46  Drone  
  56  5:47  Drone  
  56  5:48  Overlord  
  56  5:49  Overlord x4  
  60  5:58  Spore Crawler  
  60  6:00  Spore Crawler  
  60  6:03  Drone  
  59  6:05  Drone, Spore Crawler x2  
  59  6:08  Glial Reconstitution  
  60  6:11  Roach  
  56  6:35  Drone x4  
  56  6:36  Drone x5  
  56  6:37  Roach x2  
  68  6:45  Drone  
  69  6:48  Spine Crawler  
  69  6:52  Spore Crawler  
  67  6:57  Drone x4  
  67  7:01  Extractor  
  70  7:03  Roach  
  72  7:13  Infestation Pit  
  70  7:29  Zergling x10  
  75  7:30  Drone x3  
  75  7:31  Drone x7  
  85  7:38  Hatchery  
  85  7:43  Extractor  
  83  7:46  Drone x2  
  83  7:48  Roach x2  
  83  7:50  Hive  
  83  7:51  Drone x2  
  91  7:58  Evolution Chamber x2  
  89  7:59  Drone x2  
  89  8:01  Spine Crawler  
  89  8:04  Spine Crawler  
  89  8:05  Spore Crawler  
  89  8:06  Spore Crawler  
  89  8:07  Spore Crawler  
  89  8:08  Drone  
  89  8:09  Drone  
  89  8:10  Roach x2  
  92  8:17  Drone x3  
  92  8:19  Roach  
  97  8:20  Hydralisk Den  
  97  8:22  Zergling x2  
  97  8:26  Spine Crawler  
  96  8:36  Roach x5  
  105  8:59  Grooved Spines  
  105  9:00  Hydralisk x4  
  113  9:11  Queen  
  113  9:13  Queen  
  113  9:15  Overlord x4  
  117  9:28  Ultralisk Cavern  
  117  9:30  Drone  
  117  9:31  Extractor, Drone  
  117  9:32  Extractor, Queen  
  117  9:33  Drone  
  117  9:35  Zerg Melee Weapons Level 1  
  119  9:38  Zergling x2  
  119  9:39  Zergling x14  
  119  9:40  Zergling x6  
  119  9:41  Roach x3  
  136  9:49  Drone  
  137  9:54  Zerg Ground Armor Level 1  
  137  10:11  Muscular Augments  
  137  10:22  Anabolic Synthesis  
  137  10:27  Hydralisk x2  
  141  10:29  Zergling x2, Roach  
  141  10:30  Zergling x10  
  141  10:32  Overlord x3  
  149  10:49  Nydus Network  
  148  10:50  Drone, Overlord x3  
  148  10:51  Overlord x2  
  149  11:00  Ravager x3  
  152  11:04  Chitinous Plating  
  152  11:05  Hydralisk  
  152  11:06  Zergling x8  
  152  11:07  Drone x2  
  152  11:08  Drone x8  
  152  11:09  Drone x5  
  152  11:10  Drone x2  
  173  11:29  Spine Crawler  
  173  11:31  Spine Crawler x2  
  139  11:56  Hatchery  
  138  12:04  Hatchery  
  138  12:05  Hydralisk x2  
  138  12:06  Hydralisk x2  
  138  12:07  Roach x4  
  146  12:09  Ultralisk  
  146  12:10  Drone x5  
  146  12:14  Hatchery  
  156  12:31  Ultralisk x2  
  156  12:33  Ultralisk  
  117  12:48  Ultralisk  
  125  13:05  Ultralisk  
  125  13:06  Drone x3  
  127  13:13  Zergling x10  
  127  13:14  Zergling x6  
  134  13:25  Ultralisk  
  92  13:41  Zergling x2  
  92  13:42  Zergling x8  
  92  13:44  Roach x5  
Show
View Real Time Build Order
Export as new Build Order

SteinDM Terran - Winner!

Build Orders: Mech 

Get SALT Encoding   

  12  0:01  SCV  
  13  0:14  SCV  
  14  0:18  Supply Depot  
  14  0:26  SCV  
  15  0:39  SCV  
  15  0:42  Barracks  
  16  0:51  Refinery  
  16  0:53  SCV  
  17  1:05  SCV  
  18  1:17  SCV  
  19  1:29  SCV, Marine  
  21  1:41  Orbital Command  
  21  1:44  Command Center  
  21  1:49  Marine  
  22  1:56  Supply Depot  
  22  2:14  Factory  
  22  2:22  SCV  
  23  2:23  Barracks Reactor  
  23  2:24  Refinery  
  23  2:34  SCV  
  24  2:46  SCV  
  25  2:56  Orbital Command  
  25  2:58  SCV  
  25  2:59  Starport, Factory Tech Lab  
  25  3:01  Marine x2  
  28  3:10  SCV  
  29  3:31  Hellion  
  29  3:32  SCV, Hellion  
  34  3:34  SCV  
  34  3:37  Medivac  
  37  3:43  Factory  
  37  3:45  SCV  
  37  3:46  SCV  
  39  3:53  Hellion x2  
  43  4:28  Hellion  
  43  4:31  Hellion  
  45  4:38  Supply Depot  
  45  4:56  Starport Reactor  
  45  4:58  SCV  
  46  5:00  SCV, Hellion x2, Siege Tank  
  46  5:01  Supply Depot x3  
  54  5:08  Barracks Tech Lab  
  54  5:10  SCV  
  54  5:12  SCV  
  54  5:13  Factory  
  56  5:19  Command Center  
  56  5:22  SCV  
  49  5:36  Medivac  
  49  5:37  Medivac  
  49  5:39  Hellion x2  
  49  5:40  SCV  
  58  5:45  Engineering Bay  
  58  5:52  SCV  
  58  5:53  SCV  
  60  5:58  Armory  
  64  6:25  Hellion  
  64  6:26  Hellion  
  64  6:28  Siege Tank x2  
  64  6:30  Barracks Reactor  
  70  6:34  SCV  
  70  6:35  SCV  
  70  6:39  Refinery  
  72  6:40  Refinery  
  72  6:47  SCV x2  
  73  6:50  Terran Vehicle Weapons Level 1  
  74  6:59  SCV x2  
  76  7:11  SCV  
  60  7:40  Drilling Claws  
  58  7:46  Siege Tank x2  
  58  7:47  Hellion x2  
  58  7:50  SCV x2  
  70  7:59  Missile Turret  
  70  8:02  SCV x2  
  72  8:07  Armory  
  72  8:08  Hellion, Viking  
  72  8:12  Viking  
  78  8:14  SCV x2  
  78  8:18  Siege Tank  
  83  8:20  Refinery  
  83  8:22  Refinery  
  83  8:26  SCV x2  
  85  8:31  Command Center  
  85  8:37  Hellion x2  
  85  8:38  SCV x2  
  91  8:42  Factory  
  91  8:47  Missile Turret x2  
  91  8:51  Missile Turret  
  91  8:53  Missile Turret  
  91  8:55  SCV x2, Missile Turret  
  92  8:58  Hellion x2, Planetary Fortress  
  97  9:03  Siege Tank x2  
  97  9:07  Terran Vehicle Weapons Level 2  
  97  9:08  Terran Vehicle And Ship Armor Level 1  
  97  9:09  SCV  
  104  9:10  SCV  
  104  9:11  Hellion x9  
  105  9:18  Supply Depot x2  
  105  9:19  Widow Mine x2  
  105  9:20  Hi-Sec Auto Tracking, Supply Depot x2  
  105  9:21  Supply Depot  
  105  9:22  Missile Turret  
  103  9:50  SCV  
  103  9:51  SCV  
  105  9:58  Infernal Pre-Igniter  
  105  10:00  Thor x2  
  105  10:04  Widow Mine  
  105  10:05  Widow Mine  
  121  10:09  Hellion x2  
  121  10:10  SCV x2  
  121  10:11  Barracks Tech Lab  
  127  10:15  Factory  
  127  10:26  Viking x2  
  131  11:07  SCV x2  
  131  11:09  Thor  
  131  11:10  Thor  
  131  11:11  Missile Turret  
  149  11:18  Widow Mine x2  
  149  11:19  Widow Mine  
  149  11:20  Thor  
  149  11:21  Missile Turret  
  157  11:36  Missile Turret  
  151  11:52  Thor x2  
  158  12:12  Widow Mine x2  
  158  12:13  Widow Mine  
  164  12:25  Planetary Fortress  
  164  12:31  Command Center  
  164  12:35  Supply Depot  
  164  12:36  Supply Depot  
  164  12:38  Supply Depot  
  164  12:49  SCV x2  
  164  12:53  SCV, Hellion  
  164  12:56  Thor x2  
  164  12:57  Thor  
  171  13:01  SCV x2, Supply Depot  
  173  13:05  SCV  
  174  13:13  SCV  
  174  13:18  SCV  
  167  13:35  SCV x3  
  167  13:39  Refinery  
  167  13:40  Refinery  
  179  13:47  SCV  
Show
View Real Time Build Order
Export as new Build Order

MicroJackson Terran - Winner!

Build Orders: Gas First Reaper Expand 

Get SALT Encoding   

  12  0:01  SCV  
  13  0:13  SCV  
  14  0:17  Supply Depot  
  14  0:25  SCV  
  14  0:28  Refinery  
  15  0:38  SCV  
  16  0:45  Barracks  
  16  0:51  SCV  
  17  1:03  SCV  
  18  1:18  SCV  
  19  1:33  Orbital Command  
  19  1:34  Reaper  
  20  1:47  Command Center  
  20  2:12  Reaper  
  21  2:16  Barracks  
  21  2:18  Refinery  
  21  2:28  Supply Depot  
  21  2:32  Factory  
  21  2:33  SCV  
  22  2:45  SCV  
  23  2:54  Barracks Reactor  
  24  2:58  SCV  
  24  3:10  SCV  
  25  3:20  Factory Tech Lab  
  25  3:21  Barracks Tech Lab  
  25  3:28  Orbital Command  
  25  3:29  SCV  
  26  3:39  Starport  
  26  3:42  SCV  
  27  3:55  Hellion x2, Marauder  
  33  3:56  Marauder  
  33  3:57  Combat Shield, Stimpack  
  33  3:59  SCV  
  33  4:00  SCV  
  37  4:05  Supply Depot  
  37  4:11  SCV  
  35  4:37  SCV, Hellion x2  
  35  4:38  SCV  
  41  4:40  Liberator  
  44  4:48  Command Center  
  44  4:50  SCV x2, Marine x2  
  44  4:52  Refinery  
  48  4:58  Hellion x2  
  52  5:09  Armory  
  52  5:24  SCV x2  
  52  5:28  Supply Depot  
  54  5:32  Supply Depot  
  54  5:41  Concussive Shells  
  54  5:49  SCV  
  55  5:53  Barracks  
  55  5:55  Engineering Bay  
  55  5:56  Barracks, Engineering Bay  
  55  6:02  SCV x2  
  55  6:03  Marine x3  
  60  6:14  SCV x2  
  59  6:21  Marine x2  
  59  6:22  Marauder  
  63  6:26  SCV  
  63  6:38  Siege Tank  
  66  6:43  Marauder  
  68  6:51  Refinery  
  68  7:04  Marauder  
  58  7:19  Marine x2  
  58  7:22  Barracks Reactor x2  
  56  7:24  Starport Reactor  
  56  7:25  Marine, Siege Tank  
  60  7:30  Terran Infantry Weapons Level 1  
  60  7:32  Terran Infantry Armor Level 1, Terran Vehicle And Ship Armor Level 1  
  60  7:37  Marine x2  
  60  7:42  Orbital Command  
  60  7:43  SCV x2, Command Center  
  60  7:44  Marauder  
  66  7:55  SCV x2, Marine x2  
  66  7:57  Siege Tank  
  73  8:01  Marine x2  
  73  8:02  Marine x2  
  73  8:04  Medivac x2  
  73  8:05  Marauder  
  83  8:07  SCV x2  
  85  8:18  Supply Depot  
  85  8:21  Missile Turret, Supply Depot  
  85  8:32  Supply Depot  
  85  8:34  Supply Depot  
  85  8:36  Supply Depot  
  85  8:38  Marine x3  
  85  8:39  Marauder, Marine x3, Medivac x2, Siege Tank  
  100  8:56  Marine x3  
  100  8:57  Marine x3  
  100  9:00  Marine  
  100  9:02  SCV x3  
  110  9:04  Fusion Core  
  110  9:06  Missile Turret  
  110  9:07  Missile Turret x2  
  110  9:10  Missile Turret  
  110  9:13  Missile Turret  
  110  9:14  SCV x2, Marine x2  
  114  9:26  Barracks  
  114  9:27  Barracks  
  114  9:31  Barracks, Marine x2  
  114  9:32  Marauder, Marine x2  
  114  9:36  Terran Infantry Weapons Level 2  
  120  9:42  Terran Infantry Armor Level 2  
  120  9:48  Refinery  
  120  9:50  Refinery  
  120  9:59  Sensor Tower  
  120  10:04  Terran Vehicle And Ship Armor Level 2  
  120  10:06  Sensor Tower  
  120  10:13  Armory  
  120  10:14  Planetary Fortress  
  120  10:21  Marine x3  
  120  10:22  Marauder, Marine  
  126  10:32  Marine x2  
  128  10:35  Siege Tank  
  128  10:39  Marine x3  
  134  10:43  Marauder  
  136  10:56  Marine x2  
  136  10:57  Marine x3  
  138  11:01  Barracks Reactor, Supply Depot  
  138  11:02  Barracks Reactor, Barracks Tech Lab, Supply Depot x2  
  141  11:04  Terran Ship Weapons Level 1  
  141  11:05  Marauder  
  141  11:07  Missile Turret  
  141  11:08  Missile Turret  
  143  11:11  Missile Turret x2  
  143  11:15  Missile Turret  
  143  11:18  Missile Turret  
  143  11:26  Marauder  
  143  11:31  SCV  
  143  11:32  SCV x3  
  147  11:43  SCV, Marine  
  145  11:47  Marauder  
  145  11:49  Marine x4  
  145  11:50  Marine  
  152  12:09  Marauder  
  154  12:22  SCV x3  
  157  12:23  SCV  
  158  12:30  Marauder  
  158  12:31  Command Center  
  158  12:32  Command Center  
  158  12:34  SCV x3  
  158  12:35  SCV  
  144  12:46  SCV  
  145  12:52  Marauder  
  145  13:13  Marauder  
  144  13:23  Marine x3  
  144  13:24  Marine x3  
  144  13:25  Siege Tank  
  143  13:34  Marauder  
  131  13:41  Marine x4  
  131  13:42  Marine x2  
  137  13:52  Starport  
  137  13:54  Factory  
Tags
 
Add a new tag
Caveats
  • Supply blocks, unpowered buildings, or Contaminate may cause inaccurate times.
  • Supply counts are checked every 10 seconds.